[Event "*** Titled Tuesday Blitz"]
[Site "Chess.com"]
[Date "2020.05.19"]
[Round "1"]
[White "Escanor89"]
[Black "Kensei26"]
[Result "1-0"]
[WhiteElo "2564"]
[BlackElo "2266"]
[TimeControl "180+1"]
[EndTime "12:04:37 PDT"]
[Termination "Escanor89 won by resignation"]

1. c4 c5 2. Nf3 b6 3. d4 cxd4 4. Nxd4 Bb7 5. Nc3 Nf6 6. f3 d6 7. e4 e6 8. Be3 Be7 9. Be2 O-O 10. O-O Nbd7 11. Qd2 a6 12. a3 Qc7 13. Rac1 Rac8 14. b4 Qb8 15. Nb3 Bd8 16. Kh1 Bc7 17. Bg1 Rfd8 18. Rfd1 Ne5 19. Na4 Ba8 20. Qe3 Ng6 21.
Nxb6 d5 22. Nxc8 Bf4 23. Qb6 Qxc8 24. cxd5 Bxc1 25. Rxc1 Qd7 26. dxe6 Qe8 27. exf7+ Kxf7 28. Bc4+ Kf8 29. Nd4 Nf4 30. Nf5 Nd7 31. Qd6+ 1-0

[Event "*** Titled Tuesday Blitz"]
[Site "Chess.com"]
[Date "2020.05.19"]
[Round "1"]
[White "econpower"]
[Black "Gerasimenyuk_Miha"]
[Result "1-0"]
[WhiteElo "2642"]
[BlackElo "2342"]
[TimeControl "180+1"]
[EndTime "12:04:38 PDT"]
[Termination "econpower won by resignation"]

1. c4 c5 2. g3 Nc6 3. Bg2 g6 4. Nc3 Bg7 5. e3 d6 6. Nge2 Nh6 7. O-O Nf5 8. Nf4 h5 9. h3 e5 10. Nfd5 Be6 11. a3 a6 12. b4 cxb4 13. axb4 O-O 14.
Kh2 h4 15. g4 Nfe7 16. Rb1 Bxd5 17. Nxd5 Nxd5 18. cxd5 Ne7 19. f4 f5 20. g5 exf4 21. exf4 Qb6 22. Qe1 Rae8 23. Qxh4 Kf7 24. Qg3 Rh8 25.
Re1 Bd4 26. Re6 Nc8 27. Qe1 Bf2 28. Qe2 Qd4 29. d3 Bg1+ 30. Kh1 Qb6 31. Bb2 Bd4 32.
Re1 Rd8 33. Rf6+ Bxf6 34. Qe6+ Kf8 35. Qxf6+ 1-0

[Event "*** Titled Tuesday Blitz"]
[Site "Chess.com"]
[Date "2020.05.19"]
[Round "1"]
[White "babyking1205"]
[Black "Mimsychess"]
[Result "1-0"]
[WhiteElo "2560"]
[BlackElo "2260"]
[TimeControl "180+1"]
[EndTime "12:04:38 PDT"]
[Termination "babyking1205 won by resignation"]

1. e4 c5 2. Nf3 Nc6 3. d4 cxd4 4.
Nxd4 e5 5. Nb3 Nf6 6. Nc3 Bb4 7. Bd3 O-O 8. O-O Bxc3 9. bxc3 d6 10. Bg5 h6 11. Bh4 Be6 12. Qf3 g5 13. Bg3 Kg7 14. Qe3 Qb6 15. Qe2 Rfe8 16. Nd2 d5 17. exd5 Bxd5 18.
Ne4 Bxe4 19. Bxe4 Rad8 20. Rab1 Qc7 21. Bf5 Nd5 22. Qf3 Nf4 23. h4 e4 24. Qg4 Ne5 25. Bxf4 Qxc3 26. Bxe5+ Rxe5 27. hxg5 1-0

[Event "*** Titled Tuesday Blitz"]
[Site "Chess.com"]
[Date "2020.05.19"]
[Round "1"]
[White "Khamrakulov_Djurabek"]
[Black "AnkitGajwa"]
[Result "0-1"]
[WhiteElo "2799"]
[BlackElo "2435"]
[TimeControl "180+1"]
[EndTime "12:04:39 PDT"]
[Termination "AnkitGajwa won by resignation"]

1. e4 c5 2. c3 Qa5 3. Nf3 Nc6 4.
a3 Nf6 5. e5 Ng4 6. Qe2 c4 7.
Qxc4 Ngxe5 8. Qf4 g5 9. Qe3 Nxf3+ 10. Qxf3 Bg7 11. d4 Nxd4 12. Qd3 Nb3 13. Qc4 Qe5+ 14. Be2 Nxc1 15. Nd2 d5 16. Qa4+ Bd7 17. Qd1 Nd3+ 18. Kf1 Nxb2 19. Qb3 Qxc3 20. Qxb7 O-O 21. Nf3 Bc6 22.
Qxe7 Rae8 0-1

[Event "*** Titled Tuesday Blitz"]
[Site "Chess.com"]
[Date "2020.05.19"]
[Round "1"]
[White "Tormoz"]
[Black "MYMChessAcademy"]
[Result "1-0"]
[WhiteElo "2661"]
[BlackElo "2344"]
[TimeControl "180+1"]
[EndTime "12:04:40 PDT"]
[Termination "Tormoz won by checkmate"]

1. d4 Nf6 2. Nf3 g6 3. g3 Bg7 4.
Bg2 O-O 5. O-O d6 6. c4 Nc6 7. Nc3 a6 8. d5 Na5 9. b3 c5 10. dxc6 Nxc6 11. Bb2 Bf5 12. Qc1 Rc8 13. Nd5 Nxd5 14.
Bxg7 Kxg7 15. cxd5 Nb4 16. Qd2 Qb6 17. Nd4 Nc2 18. Nxf5+ gxf5 19. Rac1 Nd4 20. Qg5+ Kh8 21. Rxc8 Nxe2+ 22. Kh1 Rxc8 23. Qxe7 Qd4 24. Qxe2 Rc3 25.
Rd1 Qc5 26. Qe7 Rc1 27. Qf8# 1-0

[Event "*** Titled Tuesday Blitz"]
[Site "Chess.com"]
[Date "2020.05.19"]
[Round "1"]
[White "JoakimVonAnd"]
[Black "MITerryble"]
[Result "0-1"]
[WhiteElo "2437"]
[BlackElo "2848"]
[TimeControl "180+1"]
[EndTime "12:04:41 PDT"]
[Termination "MITerryble won by resignation"]

1. d4 e6 2. c4 Bb4+ 3. Nc3 c5 4.
e3 Bxc3+ 5. bxc3 Qa5 6. Bd2 Nf6 7. Bd3 d6 8. e4 e5 9. Nf3 Qc7 10. h3 Nc6 11. d5 Na5 12. Qe2 O-O 13. g4 Nd7 14. h4 Nb6 15. g5 Bg4 16. h5 f5 17.
Rh4 Qd7 18. h6 g6 19. Rb1 fxe4 20. Qxe4 Bxf3 0-1

[Event "*** Titled Tuesday Blitz"]
[Site "Chess.com"]
[Date "2020.05.19"]
[Round "1"]
[White "Maybe00"]
[Black "dianosky"]
[Result "1-0"]
[WhiteElo "2681"]
[BlackElo "2361"]
[TimeControl "180+1"]
[EndTime "12:04:41 PDT"]
[Termination "Maybe00 won by resignation"]

1. d4 d5 2. c4 dxc4 3. Nf3 a6 4.
e3 Nf6 5. Bxc4 b5 6. Be2 e6 7. O-O Bb7 8. a4 b4 9. b3 c5 10.
Bb2 Nbd7 11. Nbd2 cxd4 12. Nxd4 Nc5 13. Rc1 Be7 14. Bf3 Bd5 15. Nc6 Qd6 16. Nxe7 Kxe7 17. e4 Bxe4 18. Bxf6+ gxf6 19. Nxe4 Nxe4 20. Bxe4 Rad8 21.
Qxd6+ Rxd6 22. Rc7+ Rd7 23. Rxd7+ Kxd7 24. Rd1+ Ke7 25. Bd3 a5 26. Bc4 Rc8 27. f3 h5 28.
Kf2 Rc5 29. g3 h4 30. gxh4 Rh5 31. Kg3 f5 32. f4 Rh6 33. Be2 Rg6+ 34. Kf2 Rg8 35.
Rc1 Rd8 36. Ke3 Rd5 37. Rc7+ Kf6 38. Bh5 1-0

[Event "*** Titled Tuesday Blitz"]
[Site "Chess.com"]
[Date "2020.05.19"]
[Round "1"]
[White "Kobalia"]
[Black "Everyfishknows"]
[Result "1-0"]
[WhiteElo "2800"]
[BlackElo "2415"]
[TimeControl "180+1"]
[EndTime "12:04:42 PDT"]
[Termination "Kobalia won by checkmate"]

1. e4 e5 2. Nf3 Nc6 3. Bb5 a6 4. Ba4 Nf6 5. O-O Be7 6. d3 b5 7. Bb3 d6 8. a4 Bb7 9. Nc3 b4 10. Ne2 O-O 11. Ng3 g6 12. Bh6 Re8 13. Ng5 d5 14.
exd5 Nxd5 15. Nxf7 Kxf7 16. Qf3+ Ke6 17. Qg4+ Kf7 18.
f4 Bc5+ 19. Kh1 Re7 20. fxe5+ Ke8 21. Rf8# 1-0

[Event "*** Titled Tuesday Blitz"]
[Site "Chess.com"]
[Date "2020.05.19"]
[Round "1"]
[White "Rakesh"]
[Black "EvgenyRomanov"]
[Result "0-1"]
[WhiteElo "2362"]
[BlackElo "2679"]
[TimeControl "180+1"]
[EndTime "12:04:43 PDT"]
[Termination "EvgenyRomanov won by resignation"]

1. e4 e5 2. Nf3 Nc6 3. d4 exd4 4. Nxd4 Bc5 5. Nb3 Bb6 6. Nc3 d6 7. Qe2 a5 8. Be3 a4 9. Nd2 a3 10. b3 Qf6 11. Qd3 Ba5 12. Ndb1 Nge7 13. Be2 O-O 14. O-O b5 15. f4 b4 16. e5 dxe5 17. Ne4 Qg6 18.
Nbd2 Rd8 0-1

[Event "*** Titled Tuesday Blitz"]
[Site "Chess.com"]
[Date "2020.05.19"]
[Round "1"]
[White "Ana_Berke"]
[Black "CheckThis4"]
[Result "0-1"]
[WhiteElo "2101"]
[BlackElo "2501"]
[TimeControl "180+1"]
[EndTime "12:04:43 PDT"]
[Termination "CheckThis4 won by resignation"]

1. e4 c6 2. d4 d5 3. exd5 cxd5 4.
c4 Nf6 5. Nc3 g6 6. Qb3 Bg7 7.
cxd5 O-O 8. Be2 Nbd7 9. Bf3 Nb6 10. Nge2 a5 11. O-O a4 12. Qb4 Nfxd5 13. Nxd5 Nxd5 14.
Bxd5 Qxd5 15. Qxe7 Bf5 16. Be3 Qb5 17. Ng3 Bd3 18.
Rfd1 Bc2 19. Rd2 Qxb2 20. Re1 Rfe8 21. Qd7 a3 22. d5 Bc3 23. Rxc2 Qxc2 24. Rf1 Qxa2 25.
Qxb7 Qc4 26. d6 a2 27. d7 Red8 0-1

[Event "*** Titled Tuesday Blitz"]
[Site "Chess.com"]
[Date "2020.05.19"]
[Round "1"]
[White "Synctel"]
[Black "Yuri202062"]
[Result "0-1"]
[WhiteElo "1910"]
[BlackElo "2471"]
[TimeControl "180+1"]
[EndTime "12:04:45 PDT"]
[Termination "Yuri202062 won on time"]

1. e4 c5 2. Ne2 e6 3. d4 cxd4 4. Nxd4 a6 5. Nc3 d6 6. g3 b5 7. a3 Bb7 8. Bg2 Nf6 9. O-O Nbd7 10. Re1 Qc7 11. Be3 Be7 12. f3 O-O 13. Qd2 Rac8 14.
Bf2 Nb6 15. Nce2 Nc4 16. Qc3 Qb8 0-1

[Event "*** Titled Tuesday Blitz"]
[Site "Chess.com"]
[Date "2020.05.19"]
[Round "1"]
[White "1stSecond"]
[Black "Popopuiyt"]
[Result "1-0"]
[WhiteElo "2707"]
[BlackElo "2372"]
[TimeControl "180+1"]
[EndTime "12:04:46 PDT"]
[Termination "1stSecond won by resignation"]

1. Nf3 Nf6 2. g3 g6 3. Bg2 Bg7 4. O-O O-O 5. d4 d6 6. b3 c5 7. c4 Nc6 8. Bb2 cxd4 9. Nxd4 Bd7 10. Nc3 a6 11. e3 Rb8 12. Rc1 Nxd4 13. Qxd4 b5 14.
cxb5 axb5 15. Nd5 Nh5 16. Qd2 Bxb2 17. Qxb2 e6 18. Nb4 Qf6 19. Qd2 d5 20. e4 dxe4 21. Qxd7 Rfd8 22. Qc6 Rd4 23. Qc5 Ra8 24. Nc6 Rd2 25.
a4 bxa4 26. Bxe4 Kg7 27. Ne5 Rad8 28. bxa4 R8d4 29. Nf3 1-0

[Event "*** Titled Tuesday Blitz"]
[Site "Chess.com"]
[Date "2020.05.19"]
[Round "1"]
[White "dretch"]
[Black "mamey78"]
[Result "1-0"]
[WhiteElo "2705"]
[BlackElo "2369"]
[TimeControl "180+1"]
[EndTime "12:04:50 PDT"]
[Termination "dretch won by resignation"]

1. d4 d5 2. c4 c6 3. Nc3 Nf6 4. e3 e6 5. Bd3 Nbd7 6. e4 dxe4 7. Nxe4 Bb4+ 8. Bd2 Bxd2+ 9. Qxd2 Nxe4 10. Bxe4 Nf6 11. Bc2 b6 12. Nf3 O-O 13. O-O-O Bb7 14. Qf4 Qe7 15.
Qh4 c5 16. d5 exd5 17. Bxh7+ Kh8 18. Rhe1 Qd6 19. Ng5 g6 20. Bxg6+ Kg7 21. Bxf7 Rxf7 22. Qh6+ Kg8 23. Qh8+ Kxh8 24. Nxf7+ Kg7 25. Nxd6 1-0

[Event "*** Titled Tuesday Blitz"]
[Site "Chess.com"]
[Date "2020.05.19"]
[Round "1"]
[White "YQPerez"]
[Black "zubridis"]
[Result "1-0"]
[WhiteElo "2951"]
[BlackElo "2457"]
[TimeControl "180+1"]
[EndTime "12:04:51 PDT"]
[Termination "YQPerez won by resignation"]

1. e4 c5 2. c3 d5 3. exd5 Qxd5 4. d4 Bf5 5. Nf3 Nc6 6. Be2 O-O-O 7. O-O cxd4 8. cxd4 Bxb1 9. Rxb1 Nf6 10. Bf4 e6 11.
Rc1 Bd6 12. Bxd6 Rxd6 13. Ne5 Qxd4 14. Nxf7 1-0

[Event "*** Titled Tuesday Blitz"]
[Site "Chess.com"]
[Date "2020.05.19"]
[Round "1"]
[White "Gordima"]
[Black "AsaHoffmann"]
[Result "1-0"]
[WhiteElo "2763"]
[BlackElo "2405"]
[TimeControl "180+1"]
[EndTime "12:04:51 PDT"]
[Termination "Gordima won by resignation"]

1. d4 Nf6 2. c4 c5 3. d5 e5 4. Nc3 d6 5. e4 Be7 6. g3 O-O 7. Bg2 Na6 8. Nge2 Ne8 9. O-O Bd7 10. f4 Bf6 11. Be3 Nec7 12. a4 Nb4 13. Qd2 b6 14. f5 a6 15. Kh1 Qe7 16. Ng1 h6 17.
Nf3 b5 18. b3 bxc4 19. bxc4 Rab8 20. a5 Kh7 21. h4 Rh8 22. Nh2 Kg8 23. Ng4 Kf8 24.
Bf3 Ke8 25. Rg1 Kd8 26. Be2 Ne8 27. Kg2 Kc7 28. Nf2 h5 29. Rgb1 g6 30. fxg6 fxg6 31.
Nd3 Ng7 32. Nxb4 cxb4 33. Na4 Kd8 34. Nb6 Ke8 35. Rxb4 Kf7 36. Rf1 Kg8 37. Nxd7 1-0

[Event "*** Titled Tuesday Blitz"]
[Site "Chess.com"]
[Date "2020.05.19"]
[Round "1"]
[White "spela91"]
[Black "LiverpooL174"]
[Result "0-1"]
[WhiteElo "2034"]
[BlackElo "2488"]
[TimeControl "180+1"]
[EndTime "12:04:53 PDT"]
[Termination "LiverpooL174 won on time"]

1. d4 Nf6 2. c4 d6 3. Nf3 Nbd7 4.
Nc3 e5 5. e4 c6 6. Be2 g6 7.
O-O Bg7 8. h3 O-O 9. Be3 exd4 10. Nxd4 Nc5 11. f3 Nh5 12. Qd2 Ng3 13. Rf2 a5 14.
Rd1 f5 15. Bf4 Be5 16. exf5 Bxf5 17. Nxf5 Nxf5 18. Bxe5 dxe5 19. Bf1 Qe7 20. b3 Rad8 21. Qe1 Rxd1 22. Qxd1 Rd8 23. Rd2 Nd4 24. Bd3 Qg5 25. Ne4 Nxe4 26. Bxe4 Nxf3+ 27. Qxf3 Rxd2 28. Kh2 Qf4+ 29. Qxf4 exf4 30. Bf3 Rxa2 0-1

[Event "*** Titled Tuesday Blitz"]
[Site "Chess.com"]
[Date "2020.05.19"]
[Round "1"]
[White "Andro2"]
[Black "rpragchess"]
[Result "0-1"]
[WhiteElo "2425"]
[BlackElo "2824"]
[TimeControl "180+1"]
[EndTime "12:04:54 PDT"]
[Termination "rpragchess won by resignation"]

1. a3 Nf6 2. Nf3 g6 3. b4 Bg7 4. Bb2 O-O 5. e3 d6 6. Be2 e5 7. d3 a5 8. b5 Nfd7 9. Qc1 Nc5 10. a4 Nbd7 11. Nbd2 Nb6 12. d4 Ncxa4 13. dxe5 Nxb2 14. Qxb2 dxe5 15. Nxe5 Re8 16. f4 Qe7 17. Ndf3 Bg4 18. O-O Nd7 19. Qc3 Nxe5 20. fxe5 Bxf3 21. Bxf3 Bxe5 22.
Qc4 Bxa1 23. Rxa1 Qxe3+ 24. Kf1 Qe5 25. Rd1 Qxh2 0-1

[Event "*** Titled Tuesday Blitz"]
[Site "Chess.com"]
[Date "2020.05.19"]
[Round "1"]
[White "nubair1198"]
[Black "GMJustin"]
[Result "1-0"]
[WhiteElo "2677"]
[BlackElo "2361"]
[TimeControl "180+1"]
[EndTime "12:04:54 PDT"]
[Termination "nubair1198 won on time"]

1. Nf3 c5 2. g3 Nc6 3. Bg2 g6 4. O-O Bg7 5. d3 d5 6. Nbd2 e5 7.
e4 Nge7 8. exd5 Nxd5 9. Nc4 O-O 10. Re1 Re8 11. Bg5 f6 12. Bd2 Be6 13. Qc1 Qd7 14.
Bh6 b5 15. Bxg7 Kxg7 16. Ne3 Rad8 17. Qd2 Nxe3 18. Rxe3 Nd4 19. b3 b4 20. a3 a5 21.
axb4 axb4 22. Nxd4 cxd4 23. Ree1 Qb5 24. Ra7+ Rd7 25. Rea1 Rb8 26. h4 h6 27. R1a5 1-0

[Event "*** Titled Tuesday Blitz"]
[Site "Chess.com"]
[Date "2020.05.19"]
[Round "1"]
[White "gena217"]
[Black "djano"]
[Result "1-0"]
[WhiteElo "2861"]
[BlackElo "2439"]
[TimeControl "180+1"]
[EndTime "12:04:55 PDT"]
[Termination "gena217 won by resignation"]

1. e4 c5 2. Nf3 e6 3. g3 Nf6 4. d3 Be7 5. Bg2 O-O 6. O-O Nc6 7. Qe2 d6 8. c3 Rb8 9. d4 b6 10. Rd1 cxd4 11. cxd4 d5 12. e5 Ne4 13. Nbd2 Nxd2 14. Bxd2 Nb4 15. Bc3 Ba6 16. Qd2 Nc6 17.
h4 h6 18. Rac1 Qd7 19. Qf4 f6 20. exf6 Bxf6 21. Qe3 Rbe8 22. Re1 Qf7 23. Bh3 Bc8 24. Bd2 Bd7 25. Rxc6 Bxc6 26. Bxe6 Rxe6 27. Qxe6 Re8 28. Qxc6 1-0

[Event "*** Titled Tuesday Blitz"]
[Site "Chess.com"]
[Date "2020.05.19"]
[Round "1"]
[White "KaterinaMiroshnik"]
[Black "RaunakSadhwani2005"]
[Result "0-1"]
[WhiteElo "2423"]
[BlackElo "2817"]
[TimeControl "180+1"]
[EndTime "12:04:55 PDT"]
[Termination "RaunakSadhwani2005 won by resignation"]

1. d3 d5 2. Nd2 Bg4 3. Ngf3 Nf6 4. e4 dxe4 5. dxe4 Nc6 6. Be2 e5 7. O-O Be7 8. c3 a5 9. Qc2 O-O 10. Re1 Nd7 11. Bf1 Be6 12. b3 f6 13. Bb2 Qe8 14.
Rad1 Nc5 15. Bc4 Qf7 16. Bxe6 Nxe6 17. Nc4 Rfd8 18. Ne3 Bc5 19. Nd5 Ne7 20. a3 Nxd5 21.
exd5 Nf4 22. c4 Qh5 23. Qe4 Qg4 24. g3 Nh3+ 25. Kg2 Qxe4 26. Rxe4 Nxf2 27. Ree1 Nxd1 28.
Rxd1 c6 29. Nh4 g6 30. Nf3 Rd7 31. g4 cxd5 32. cxd5 Rad8 33. g5 Rxd5 34. Rc1 e4 0-1

[Event "*** Titled Tuesday Blitz"]
[Site "Chess.com"]
[Date "2020.05.19"]
[Round "1"]
[White "Herracek"]
[Black "novocane"]
[Result "1-0"]
[WhiteElo "2543"]
[BlackElo "2226"]
[TimeControl "180+1"]
[EndTime "12:04:56 PDT"]
[Termination "Herracek won by resignation"]

1. c4 e5 2. g3 c6 3. Nf3 e4 4. Nd4 d5 5. Nc3 Nf6 6. cxd5 cxd5 7. d3 exd3 8. Qxd3 Nc6 9. Bg2 h6 10. O-O Be7 11. Rd1 O-O 12. Bf4 Be6 13. Ndb5 g5 14. Be3 a6 15. Nd4 Ne5 16. Qc2 Nc4 17. Nxe6 Nxe3 18. fxe3 fxe6 19. Qg6+ Kh8 20. Qxh6+ Nh7 21. Qxe6 Rf6 22. Qxd5 Qb6 23. Qxb7 Qxe3+ 24. Kh1 Ra7 25.
Qe4 1-0

[Event "*** Titled Tuesday Blitz"]
[Site "Chess.com"]
[Date "2020.05.19"]
[Round "1"]
[White "parmupill123"]
[Black "Quaternitychess"]
[Result "0-1"]
[WhiteElo "2409"]
[BlackElo "2786"]
[TimeControl "180+1"]
[EndTime "12:04:57 PDT"]
[Termination "Quaternitychess won by resignation"]

1. e4 d6 2. d4 Nf6 3. Bd3 e5 4. c3 Nc6 5. Ne2 g6 6. O-O Bg7 7. f4 O-O 8. d5 Nb8 9. fxe5 Ng4 10. exd6 Qxd6 11. Bf4 Qb6+ 12. Kh1 Nd7 13. Qe1 Nde5 14. Qg3 h5 15. Nd4 h4 0-1

[Event "*** Titled Tuesday Blitz"]
[Site "Chess.com"]
[Date "2020.05.19"]
[Round "1"]
[White "kuban1991"]
[Black "MartinMatthiesen"]
[Result "1-0"]
[WhiteElo "2731"]
[BlackElo "2389"]
[TimeControl "180+1"]
[EndTime "12:04:57 PDT"]
[Termination "kuban1991 won on time"]

1. Nf3 d5 2. g3 g6 3. Bg2 Bg7 4. d4 Nf6 5. O-O O-O 6. Nbd2 Nbd7 7. c4 c5 8. cxd5 Nxd5 9. e4 Nb4 10. d5 Nd3 11.
Qc2 Nxc1 12. Raxc1 b5 13. Rfd1 Bb7 14. Nf1 Rc8 15. Ne3 c4 16. h4 Nc5 17. Bf1 Qb6 18. h5 1-0

[Event "*** Titled Tuesday Blitz"]
[Site "Chess.com"]
[Date "2020.05.19"]
[Round "1"]
[White "ENajer77"]
[Black "gusmaster2262"]
[Result "1-0"]
[WhiteElo "2546"]
[BlackElo "2233"]
[TimeControl "180+1"]
[EndTime "12:04:59 PDT"]
[Termination "ENajer77 won on time"]

1. d4 Nf6 2. c4 g6 3. Nc3 d5 4. cxd5 Nxd5 5. Bd2 Bg7 6. e4 Nxc3 7. Bxc3 c5 8. d5 Bxc3+ 9. bxc3 O-O 10. Nf3 Bg4 11. Be2 Nd7 12. O-O e5 13. Nd2 Bxe2 14. Qxe2 b6 15. a4 Nf6 16. a5 Ne8 17. Nc4 Nd6 18.
Rfb1 Nxc4 19. Qxc4 1-0

[Event "*** Titled Tuesday Blitz"]
[Site "Chess.com"]
[Date "2020.05.19"]
[Round "1"]
[White "GianmarcoVaR"]
[Black "Prostochendir"]
[Result "1-0"]
[WhiteElo "2514"]
[BlackElo "2175"]
[TimeControl "180+1"]
[EndTime "12:05:01 PDT"]
[Termination "GianmarcoVaR won by resignation"]

1. d4 d5 2. c4 e6 3. Nf3 Nf6 4. g3 c6 5. Bg2 Be7 6. O-O O-O 7. b3 Nbd7 8. Bb2 a5 9. Nc3 Re8 10.
Qc2 Bf8 11. Rfd1 Qb6 12. Rac1 Qa7 13. h3 h6 14. Kh2 dxc4 15. bxc4 Nb6 16. Ne4 Nxe4 17.
Qxe4 Na4 18. Ba1 Ba3 19. Rc2 Bd7 20. Ne5 Red8 21. Qf3 Be8 22. Qxa3 b5 23. Nxc6 Bxc6 24. Bxc6 Rac8 25. cxb5 Nb6 26. Qc5 Qc7 27. e3 Na4 28. Qa3 Nb6 29. Qxa5 Qb8 30. Rdc1 1-0

[Event "*** Titled Tuesday Blitz"]
[Site "Chess.com"]
[Date "2020.05.19"]
[Round "1"]
[White "Majesth"]
[Black "Eltaj_Safarli"]
[Result "0-1"]
[WhiteElo "2459"]
[BlackElo "3001"]
[TimeControl "180+1"]
[EndTime "12:05:03 PDT"]
[Termination "Eltaj_Safarli won by resignation"]

1. d4 Nf6 2. Nc3 d5 3. Bf4 g6 4. Nb5 Na6 5. e3 Bg7 6. Nf3 O-O 7. c4 c5 8. a3 Bd7 9. Nc3 cxd4 10. Nxd4 Bg4 11. Be2 Bxe2 12. Qxe2 dxc4 13. Qxc4 Rc8 14.
Qe2 Nd5 15. Nxd5 Qxd5 16. Nf3 Qa5+ 17. Qd2 Qxd2+ 18. Nxd2 Bxb2 19. Rb1 Bxa3 20. O-O Bb4 21. Nf3 Rfd8 22. Rb3 f6 23. Rfb1 e5 24. Bg3 b6 25.
h4 Ba5 26. h5 Nc5 27. Rb5 Ne4 28. hxg6 hxg6 29. Bh2 Nc3 0-1

[Event "*** Titled Tuesday Blitz"]
[Site "Chess.com"]
[Date "2020.05.19"]
[Round "1"]
[White "Grandelicious"]
[Black "Tacticusbd"]
[Result "1-0"]
[WhiteElo "2760"]
[BlackElo "2402"]
[TimeControl "180+1"]
[EndTime "12:05:03 PDT"]
[Termination "Grandelicious won by resignation"]

1. Nf3 d5 2. g3 Nc6 3. d4 Bf5 4.
Bg2 Nb4 5. Na3 e6 6. O-O h6 7. c3 Nc6 8. Qb3 Rb8 9. c4 Nf6 10. Bf4 Bd6 11. Bxd6 Qxd6 12. Nb5 Qe7 13. Nc3 dxc4 14.
Qxc4 O-O 15. Ne5 Nxe5 16. dxe5 Ng4 17. Qd4 Rfd8 18. Qxa7 Nxe5 19. Rfd1 c6 20. b3 Qb4 21. Na4 Bc2 22. Rdc1 Qd2 23. Qc5 1-0

[Event "*** Titled Tuesday Blitz"]
[Site "Chess.com"]
[Date "2020.05.19"]
[Round "1"]
[White "zajka-molotok"]
[Black "NicoChasin"]
[Result "0-1"]
[WhiteElo "2338"]
[BlackElo "2638"]
[TimeControl "180+1"]
[EndTime "12:05:03 PDT"]
[Termination "NicoChasin won by resignation"]

1. d4 Nf6 2. c4 e6 3. Nc3 Bb4 4. e3 O-O 5. Bd3 c5 6. Nf3 d5 7. O-O cxd4 8. exd4 Nc6 9. Bg5 h6 10. Bh4 dxc4 11. Bxc4 Be7 12. Qd2 b6 13. Rad1 Bb7 14. Rfe1 Rc8 15. Qe2 Nb4 16. Ne5 Nbd5 17. Bg3 Nxc3 18.
bxc3 Nd5 19. Rc1 b5 20. Bxd5 Qxd5 21. f3 b4 22. cxb4 Qxd4+ 23. Bf2 Qf4 24. a3 Rxc1 0-1

[Event "*** Titled Tuesday Blitz"]
[Site "Chess.com"]
[Date "2020.05.19"]
[Round "1"]
[White "Korona_91"]
[Black "PauloCesarCosta_sad"]
[Result "1/2-1/2"]
[WhiteElo "2516"]
[BlackElo "2206"]
[TimeControl "180+1"]
[EndTime "12:05:04 PDT"]
[Termination "Game drawn by agreement"]

1. e4 e6 2. Qe2 c5 3. g3 Nc6 4. c3 g6 5. Bg2 Bg7 6. f4 d6 7. Nf3 Nge7 8. O-O O-O 9. d3 Rb8 10. a4 a6 11. Na3 b5 12. axb5 axb5 13. Nc2 b4 14. c4 Na5 15. e5 Nb3 16. Rb1 Nxc1 17.
Rbxc1 Bb7 18. Rcd1 dxe5 19. Nxe5 Bxg2 20. Qxg2 Qc7 21.
Qe4 Rbd8 22. b3 Nf5 23. Ra1 Nd4 24. Nxd4 Rxd4 25. Qe3 Rfd8 26. Rfd1 Bxe5 27. fxe5 Qd7 1/2-1/2

[Event "*** Titled Tuesday Blitz"]
[Site "Chess.com"]
[Date "2020.05.19"]
[Round "1"]
[White "robertofabregas"]
[Black "MateSchmate"]
[Result "0-1"]
[WhiteElo "2127"]
[BlackElo "2505"]
[TimeControl "180+1"]
[EndTime "12:05:09 PDT"]
[Termination "MateSchmate won by resignation"]

1. c4 c5 2. Nc3 Nc6 3. g3 g6 4.
Bg2 Bg7 5. Nf3 a6 6. O-O e5 7.
d3 Nge7 8. Nd2 d6 9. a3 Rb8 10. Rb1 b5 11. cxb5 axb5 12. b4 cxb4 13. axb4 Be6 14.
Nce4 h6 15. e3 f5 16. Nc3 O-O 17. Qe2 d5 18. Nd1 Qd7 19. f4 Rfc8 20. fxe5 Nxe5 21.
d4 Nc4 22. Nc3 Nc6 23. Rb3 Nxe3 24. Re1 Bxd4 25. Kh1 Nxg2 26. Kxg2 Re8 27. Nxb5 f4 28. Nf3 Bh3+ 29. Kh1 Rxe2 30. Rxe2 Rxb5 0-1

[Event "*** Titled Tuesday Blitz"]
[Site "Chess.com"]
[Date "2020.05.19"]
[Round "1"]
[White "MF1966Idrisov"]
[Black "Reader777"]
[Result "1/2-1/2"]
[WhiteElo "2326"]
[BlackElo "2602"]
[TimeControl "180+1"]
[EndTime "12:05:11 PDT"]
[Termination "Game drawn by repetition"]

1. Nf3 Nf6 2. b3 d5 3. Bb2 e6 4. e3 b6 5. d4 Bb7 6. Bd3 Bd6 7. O-O O-O 8. Nbd2 Ne4 9. Ne5 f6 10. Nef3 Nd7 11. c4 f5 12. Qc2 Qe7 13. a3 a5 14. a4 Rac8 15. Qc1 g5 16. Ne5 Nxe5 17. dxe5 Bb4 18. Nxe4 dxe4 19. Be2 Rfd8 20. Rd1 Rxd1+ 21. Qxd1 Rd8 22. Qc1 Rd2 23. Bf1 Qd7 24. Bc3 Bxc3 25. Qxc3 c5 26. Qc1 Kg7 27. Rb1 Kg6 28. Rb2 Rd1 29. Qc2 Bc8 30. g3 Qd8 31. Kg2 h5 32. Be2 Rd7 33. Rb1 Rd2 34. Rd1 Rxd1 35. Qxd1 Qxd1 36.
Bxd1 Bd7 37. h4 Be8 38. hxg5 Kxg5 39. Kh3 Bg6 40. Be2 Bf7 41. Bd1 Be8 42. Be2 Bc6 43. Bd1 Bb7 44. Be2 Ba6 45. Bd1 Bc8 46. Be2 Bd7 47. Bd1 Be8 48. Be2 Bg6 49. Bd1 Bf7 50. Be2 Bg8 51. Bd1 Bf7 52. Be2 Be8 53. Bd1 Bd7 54. Be2 Bc6 55. Bd1 Ba8 56. Be2 Bc6 1/2-1/2

[Event "*** Titled Tuesday Blitz"]
[Site "Chess.com"]
[Date "2020.05.19"]
[Round "1"]
[White "Stormeman100100"]
[Black "mjray79"]
[Result "0-1"]
[WhiteElo "2555"]
[BlackElo "2290"]
[TimeControl "180+1"]
[EndTime "12:05:11 PDT"]
[Termination "mjray79 won by checkmate"]

1. e4 e5 2. Nf3 Nc6 3. Bc4 Bc5 4. c3 Nf6 5. d3 O-O 6. O-O d5 7. exd5 Nxd5 8. Nbd2 Nb6 9. Bb5 Bg4 10. h3 Bh5 11. Qc2 Bg6 12. Ne4 Bd6 13. Bg5 Qd7 14. Rfe1 f5 15. Ng3 e4 16. dxe4 Bxg3 17. fxg3 fxe4 18. Nd4 Qd5 19. Bxc6 bxc6 20. Qb3 Nc4 21. Bf4 Rab8 22. Qa4 Rxb2 23. Qxc6 Qxc6 24. Nxc6 Re8 25. Bxc7 e3 26. Bf4 Be4 27. Bxe3 Rxg2+ 28. Kf1 Rf8+ 29. Bf4 Nd2# 0-1

[Event "*** Titled Tuesday Blitz"]
[Site "Chess.com"]
[Date "2020.05.19"]
[Round "1"]
[White "jmduque"]
[Black "IngOscarArdila"]
[Result "1-0"]
[WhiteElo "2486"]
[BlackElo "2031"]
[TimeControl "180+1"]
[EndTime "12:05:11 PDT"]
[Termination "jmduque won by checkmate"]

1. e4 e5 2. Nf3 Nf6 3. Nc3 Nc6 4. d4 exd4 5. Nxd4 Bb4 6. Nxc6 bxc6 7. Bd3 d5 8. Bd2 O-O 9. O-O Re8 10. Nxd5 Nxd5 11.
exd5 Bxd2 12. Qxd2 cxd5 13. Qf4 Be6 14. Rfe1 Rb8 15.
b3 Qd7 16. Re3 g6 17. Rae1 f5 18. Qd4 c6 19. Qf6 Bf7 20. Re7 Rxe7 21. Rxe7 Qxe7 22. Qxe7 Re8 23. Qxa7 Re1+ 24. Bf1 Kg7 25. f3 h6 26. Kf2 Rc1 27. Bd3 Kf6 28. a4 Be6 29. a5 g5 30.
a6 f4 31. Qd4+ Kf7 32. a7 c5 33.
Qxc5 Ra1 34. Qc7+ Kg8 35. Qb8+ Kf7 36. a8=Q Rf1+ 37. Kxf1 g4 38. Qf8# 1-0